 Dungeon Crawl Stone Soup version 0.26-a0-639-g72c4674329 (webtiles) character file.

Game seed: 18044006535924801400

1219 Borgoz the Ruffian (level 8, 0/70 HPs)
             Began as a Ghoul Gladiator on Sept 20, 2020.
             Was a Priest of Okawaru.
             Slain by a wight
             ... wielding a cursed +2 halberd
              (8 damage)
             ... on level 6 of the Dungeon.
             The game lasted 00:06:49 (4297 turns).

Borgoz the Ruffian (Ghoul Gladiator)                Turns: 4297, Time: 00:06:50

Health: 0/70       AC:  8    Str: 16 (18) XL:     8   Next: 47%
Magic:  7/7        EV: 12    Int:  2 (3)  God:    Okawaru [***...]
Gold:   251        SH:  0    Dex: 10 (12) Spells: 7/7 levels left

rFire    + . .     SeeInvis .     - Unarmed
rCold    + . .     Faith    .   (no shield)
rNeg     + + +     Spirit   .   d - +1 ring mail {rF+}
rPois    ∞         Reflect  .   b - +0 helmet
rElec    .         Harm     .   (no cloak)
rCorr    .         Rampage  .   (no gloves)
MR       .....                  (no boots)
Stlth    ..........             (no amulet)
HPRegen  0.00/turn              (no ring)
MPRegen  0.10/turn              (no ring)

@: mighty
A: rotting body, claws 1, cold resistance 1, negative energy resistance 3,
inhibited regeneration, torment resistance, unbreathing
a: Heroism, Renounce Religion


You were on level 6 of the Dungeon.
You worshipped Okawaru.
Okawaru was most pleased with you.
You visited 1 branch of the dungeon, and saw 6 of its levels.

You collected 251 gold pieces.

Inventory:

Missiles
 l - a throwing net (quivered)
Armour
 b - a +0 helmet (worn)
 d - a +1 ring mail of fire resistance (worn)
Scrolls
 f - 2 scrolls of teleportation
 h - 3 scrolls of remove curse
 m - a scroll of blinking
Potions
 a - 2 potions of flight
 c - a potion of cancellation
 e - a potion of brilliance


   Skills:
 + Level 5.8 Fighting
 - Level 1.7 Throwing
 + Level 4.3 Armour
 + Level 5.2 Dodging
 + Level 6.3 Unarmed Combat


You had 7 spell levels left.
You didn't know any spells.
Your spell library contained the following spells:

 Spells                   Type           Power        Failure   Level
 Summon Small Mammal      Summ           #...         75%         1
 Call Imp                 Summ           #.......     87%         2
 Call Canine Familiar     Summ           #.......     98%         3
 Summon Guardian Golem    Hex/Summ       #.......     98%         3
 Summon Ice Beast         Ice/Summ       #.......     100%        4
 Summon Lightning Spire   Summ/Air       #.......     100%        4


Dungeon Overview and Level Annotations

Branches:
Dungeon (6/15)             Temple (0/1) D:5

Altars:
Ashenzari
Kikubaaqudgha
Okawaru
Uskayaw
Xom
The Shining One


Innate Abilities, Weirdness & Mutations

Your body is rotting away.
You thrive by killing the living.
You are immune to poison.
You have sharp fingernails.
Your flesh is cold resistant. (rC+)
You are immune to negative energy. (rN+++)
You do not regenerate when monsters are visible.
You are immune to unholy pain and torment.
You can survive without breathing.


Message History

The wight is almost destroyed.
The wight closely misses you.
You claw the wight!
You destroy the wight!
Okawaru accepts your kill.
You feel your dexterity returning. The wight misses you.
The wight barely misses you.
There is an open door here.
Items here: )) [[.
You closely miss the wight. The wight barely misses you.
You scratch the wight.
The wight is lightly damaged.
You scratch the wight.
The wight is moderately damaged.
The wight hits you but does no damage.
You barely miss the wight.
The wight is moderately damaged.
The wight hits you with a cursed +2 halberd!
You die...

..# #.......'>.# ..#
#.......#..#....#
..####.......#..#....#
......#####'##..#....#
......'......+.>#....#
......#.....##..#....#
.....>#.....##..#....#
......#.....##..#....#
......#...)..#..@....#
......#.....##..#z...#
..#####.....##..#....'..
..# ..........#....###
..# .....#...... ..#
...######+##... .. ...
... .. ..


You could see a wight.

Vanquished Creatures
  Sigmund (D:3)
  Edmund (D:4)
  A phantom (D:4)
  2 ogres
  A centaur (D:5)
  2 wights (D:6)
  A bullfrog zombie (D:6)
  2 hounds
  An orc priest (D:3)
  An iguana (D:2)
  An orc wizard (D:3)
  6 worker ants
  8 adders
  2 shadow imps (D:5)
  An ufetubus (D:5)
  3 oozes
  3 worms
  A dart slug (D:1)
  4 leopard geckos
  10 orcs
  5 giant cockroaches
  7 goblins
  6 hobgoblins
  6 jackals
  6 kobolds
  8 bats
  4 frilled lizards
  A jackal zombie (D:2)
  11 rats
  A bush (D:1)
107 creatures vanquished.

Notes
Turn   | Place    | Note
-------+----------+-------------------------------------------
     0 | D:1      | Borgoz the Ghoul Gladiator began the quest for the Orb.
     0 | D:1      | Reached XP level 1. HP: 17/17 MP: 0/0
    59 | D:1      | Reached XP level 2. HP: 25/25 MP: 1/1
   329 | D:1      | Reached XP level 3. HP: 30/30 MP: 2/2
   346 | D:1      | Reached skill level 1 in Armour
   937 | D:2      | Found an iron altar of Okawaru.
   951 | D:2      | Became a worshipper of Warmaster Okawaru
  1141 | D:2      | Found a shattered altar of Ashenzari.
  1183 | D:2      | Reached XP level 4. HP: 36/38 MP: 3/3
  1312 | D:2      | Reached skill level 4 in Unarmed Combat
  1715 | D:3      | Reached XP level 5. HP: 45/45 MP: 4/4
  1747 | D:3      | Found an ancient bone altar of Kikubaaqudgha.
  2058 | D:3      | Noticed Sigmund
  2069 | D:3      | Killed Sigmund
  2069 | D:3      | Reached * piety under Okawaru
  2069 | D:3      | Reached XP level 6. HP: 52/52 MP: 5/5
  2756 | D:3      | Found a glowing golden altar of the Shining One.
  2800 | D:4      | Reached skill level 5 in Unarmed Combat
  2837 | D:4      | Found a shimmering altar of Xom.
  2844 | D:4      | Reached XP level 7. HP: 57/60 MP: 6/6
  3038 | D:4      | Reached ** piety under Okawaru
  3434 | D:4      | Noticed Edmund
  3468 | D:4      | Killed Edmund
  3696 | D:5      | Entered Level 5 of the Dungeon
  3729 | D:5      | Reached skill level 5 in Fighting
  3785 | D:5      | Found a staircase to the Ecumenical Temple.
  3794 | D:5      | Reached XP level 8. HP: 68/68 MP: 7/7
  3927 | D:5      | Found a hide-covered altar of Uskayaw.
  4136 | D:5      | Reached skill level 6 in Unarmed Combat
  4168 | D:6      | Reached skill level 5 in Dodging
  4279 | D:6      | Reached *** piety under Okawaru
  4297 | D:6      | Slain by a wight

Illustrated notes

Levels and vault maps discovered:
D:1:      minmay_arrival_open_corners, layout_basic, serial_forest,
          infiniplex_forest_diagonal, infiniplex_forest_corner_1,
          infiniplex_forest_straight_4, infiniplex_forest_lined_2,
          infiniplex_forest_zigzag_1, infiniplex_forest_join,
          minmay_misc_feat_nine_boxes
D:2:      minmay_diamond_boxcup, layout_loops_ring,
          nicolae_overflow_crystal_walls, marbit_many_paths
D:3:      layout_basic, lemuel_round_altar, lemuel_crystal_altar, uniq_sigmund
D:4:      layout_gridville, xom_teletrap_fun, uniq_edmund
D:5:      layout_basic, lemuel_round_altar, minmay_temple_entry_stoned_glass,
          ldierk_geyser, minmay_strange_pillars
D:6:      layout_gridville, portal_sewer_entry_e, uniq_eustachio

Skill      XL: |  1  2  3  4  5  6  7  8 |
---------------+-------------------------+-----
Dodging        | 3 4 5 |  5.2
Armour         | 1 2 3 4 |  4.3
Fighting       | 3 4 5 |  5.8
Unarmed Combat | 4 5 6 |  6.3
Throwing       | |  1.7

Action                   |  1- 3 |  4- 6 |  7- 9 || total
-------------------------+-------+-------+-------++-------
Melee: Unarmed           |   223 |   162 |   170 ||   555
       Punch             |     4 |     2 |     5 ||    11
Throw: Throwing net      |       |     1 |     3 ||     4
Invok: Heroism           |       |       |     1 ||     1
  Use: Scroll            |       |     4 |     5 ||     9
       Potion            |       |     2 |     5 ||     7
 Stab: Held in net/web   |       |       |     1 ||     1
Armor: Leather armour    |    19 |       |       ||    19
       Ring mail         |    14 |    72 |    45 ||   131
Dodge: Dodged            |    44 |   101 |   128 ||   273

Table legend: (Time is in decaauts)
 A = Elapsed time spent in this place.
 B = Non-inter-level travel time spent in this place.
 C = Inter-level travel time spent in this place.
 D = Time resting spent in this place.
 E = Time spent auto-exploring this place.
 F = Levels seen in this place.
 G = Mean time per level.
                   A        B        C        D        E       F      G
               +--------+--------+--------+--------+--------+-----+--------+
         Total |   4229 |   4115 |    114 |    310 |   2869 |   6 |  704.8 |
       Dungeon |   4229 |   4115 |    114 |    310 |   2869 |   6 |  704.8 |
               +--------+--------+--------+--------+--------+-----+--------+

Top non-repeatable levels by time:
     D:3: 1052 daAuts
     D:4: 922 daAuts
     D:1: 888 daAuts
     D:2: 777 daAuts
     D:5: 453 daAuts
     D:6: 135 daAuts
